Map: Ever Dream LE

Players

Maplez - Winner!

  • Race: Protoss Protoss
  • League: Grandmaster
  • Spawn Location: 7:00

Nathanias

  • Race: Terran Terran
  • League: Master
  • Spawn Location: 1:00

VOD

Have the link to the VOD?

Description

Time

  • Played on: April 8, 2020, 7:54 p.m.
  • Length: 10:05
Show
View Real Time Build Order
Export as new Build Order

Maplez Protoss - Winner!

Build Orders:  

Get SALT Encoding   

  12  0:00  Probe  
  13  0:12  Probe  
  14  0:17  Pylon  
  14  0:24  Probe (Chrono Boost)  
  16  0:36  Gateway  
  16  0:37  Probe (Chrono Boost)  
  16  0:43  Probe (Chrono Boost)  
  16  0:45  Assimilator  
  17  0:51  Probe  
  18  1:03  Probe  
  19  1:17  Probe  
  20  1:23  Zealot  
  20  1:24  Cybernetics Core  
  22  1:29  Probe  
  23  1:33  Pylon  
  23  1:52  Nexus  
  23  1:56  Probe  
  23  2:00  Adept (Chrono Boost)  
  26  2:16  Probe, Twilight Council  
  27  2:25  Assimilator  
  27  2:29  Probe  
  28  2:36  Warp Gate  
  28  2:41  Probe  
  29  2:46  Pylon  
  29  2:53  Probe (Chrono Boost)  
  30  3:02  Probe (Chrono Boost)  
  31  3:07  Probe x2 (Chrono Boost)  
  31  3:08  Resonating Glaives (Chrono Boost)  
  31  3:18  Probe (Chrono Boost)  
  31  3:19  Probe (Chrono Boost)  
  33  3:26  Probe x2 (Chrono Boost)  
  35  3:29  Gateway  
  35  3:31  Adept  
  38  3:37  Gateway  
  38  3:41  Pylon, Probe  
  39  3:45  Gateway  
  38  3:52  Probe  
  38  3:53  Probe  
  40  3:58  Gateway  
  40  4:02  Gateway  
  40  4:10  Pylon  
  39  4:19  Probe  
  39  4:23  Probe  
  39  4:24  Pylon  
  39  4:26  Adept  
  41  4:38  Adept x2  
  45  4:39  Adept, Pylon  
  45  4:45  Pylon x2  
  47  4:50  Pylon  
  47  4:52  Probe x2  
  49  4:56  Adept x3  
  55  5:00  Gateway  
  55  5:08  Nexus  
  55  5:20  Robotics Facility  
  55  5:23  Assimilator  
  55  5:26  Shield Battery x2  
  55  5:28  Adept x2  
  55  5:33  Adept  
  61  5:37  Probe  
  61  5:42  Adept x2  
  65  5:51  Adept  
  65  5:52  Adept  
  65  5:54  Adept  
  71  5:57  Adept  
  75  6:12  Adept x4  
  75  6:15  Adept  
  83  6:27  Forge  
  83  6:28  Adept  
  77  6:47  Probe  
  77  6:48  Probe x2  
  80  6:59  Adept x6  
  80  7:00  Warp Prism, Protoss Ground Weapons Level 1 (Chrono Boost), Probe x3  
  97  7:17  Probe  
  97  7:18  Probe  
  99  7:23  Adept x5  
  99  7:26  Adept  
  103  7:50  Adept x4  
  103  7:51  Adept x2  
  115  7:58  Pylon  
  115  8:01  Pylon x2  
  115  8:03  Pylon  
  69  8:13  Adept x6  
  67  8:34  Adept x2  
  67  8:35  Adept x4  
  69  8:45  Immortal  
  61  8:58  Pylon  
  61  8:59  Adept x3  
  61  9:00  Adept x3  
  73  9:19  Adept x2  
  73  9:20  Adept x4  
  85  9:37  Adept x3  
  81  9:43  Adept x3  
  73  9:58  Stalker  
  73  9:59  Stalker x2  
Show
View Real Time Build Order
Export as new Build Order

Nathanias Terran 

Build Orders:  

Get SALT Encoding   

  12  0:00  SCV  
  13  0:13  SCV  
  14  0:17  Supply Depot  
  14  0:25  SCV  
  15  0:39  SCV, Barracks  
  16  0:49  Supply Depot  
  16  0:51  SCV  
  17  1:03  SCV  
  18  1:27  Orbital Command, Marine  
  19  1:44  Marine  
  20  1:57  Command Center  
  20  1:59  SCV  
  21  2:02  Marine  
  21  2:04  Bunker  
  21  2:06  Barracks  
  22  2:11  SCV  
  23  2:19  Barracks  
  23  2:22  Refinery  
  23  2:23  Marine  
  24  2:36  SCV  
  25  2:38  Refinery  
  25  2:41  Marine  
  26  2:48  SCV  
  27  2:56  Marine  
  28  2:59  Marine  
  28  3:00  SCV  
  29  3:10  Marine  
  30  3:13  SCV  
  30  3:16  Barracks Tech Lab  
  31  3:27  SCV, Marine  
  31  3:28  Marine  
  31  3:32  Orbital Command, Refinery  
  34  3:34  Marine  
  34  3:37  Stimpack  
  34  3:39  SCV  
  34  3:41  Supply Depot  
  36  3:50  Marine x2  
  36  3:51  SCV  
  38  3:59  Marine  
  38  4:04  SCV  
  38  4:07  SCV  
  38  4:08  Engineering Bay  
  40  4:16  SCV  
  41  4:19  SCV  
  41  4:21  Factory  
  42  4:27  Marine, Marauder  
  42  4:28  SCV  
  47  4:31  SCV  
  47  4:38  Marine  
  48  4:40  Terran Infantry Weapons Level 1  
  48  4:42  SCV  
  49  4:50  Marine x2  
  51  4:55  Marine  
  51  4:56  Supply Depot  
  52  5:05  Factory Reactor, Supply Depot  
  52  5:08  Starport, Marine  
  52  5:13  SCV  
  54  5:17  Combat Shield  
  54  5:18  SCV, Marauder  
  54  5:19  Marine  
  58  5:26  SCV, Marine  
  60  5:32  Supply Depot  
  60  5:37  Marine  
  60  5:39  Marauder  
  63  5:44  Marine  
  64  5:54  Factory Reactor  
  64  5:55  Medivac x2, Marine  
  69  6:01  Marine, Marauder, Supply Depot  
  72  6:13  Marine  
  72  6:17  Supply Depot  
  73  6:19  Marine, Barracks  
  73  6:21  Marine  
  73  6:25  Medivac x2  
  79  6:30  Marine  
  80  6:36  Concussive Shells  
  80  6:37  Marine  
  83  6:40  Marauder  
  77  6:48  Marine  
  78  6:55  Medivac, Marine  
  78  7:01  Marine  
  82  7:03  Orbital Command  
  82  7:04  Terran Infantry Armor Level 1  
  82  7:06  Marine  
  82  7:07  Marine  
  84  7:13  Marine  
  85  7:18  Marine  
  86  7:24  Marine  
  86  7:25  Marine  
  88  7:30  Marine  
  88  7:36  Marine  
  90  7:42  Marine  
  90  7:43  Marine  
  88  7:48  Marine  
  89  7:54  Marine  
  90  8:00  Marine  
  90  8:01  Marine  
  67  8:06  Marine  
  67  8:12  Marine  
  56  8:17  Marine  
  56  8:19  Marine  
  57  8:24  Marine  
  51  8:30  Marine  
  51  8:32  Orbital Command  
  51  8:35  Marine  
  51  8:36  Marine  
  44  8:42  Marine  
  44  8:47  Marine  
  32  8:53  Marine  
  32  8:54  Marine  
  30  8:59  Marine  
  31  9:05  Marine  
  32  9:11  Marine  
  32  9:12  Marine  
  34  9:17  Marine  
  34  9:19  Hellion  
  34  9:23  Marine  
  40  9:24  Hellion  
  40  9:29  Marine  
  40  9:30  Marine  
  42  9:35  Marine  
  30  9:41  Marine  
  25  9:46  Marine  
Tags
 
Add a new tag
Caveats
  • Supply blocks, unpowered buildings, or Contaminate may cause inaccurate times.
  • Supply counts are checked every 10 seconds.